 Dungeon Crawl Stone Soup version 0.27.0-1-g7a089689b8 (webtiles) character file.

Game seed: 4441126508761924860

231 pkoi the Ruffian (level 5, -4/45 HPs)
             Began as a Minotaur Monk on Aug 11, 2021.
             Slain by a centaur (6 damage)
             ... on level 5 of the Dungeon.
             The game lasted 00:02:59 (3401 turns).

pkoi the Ruffian (Minotaur Monk)                    Turns: 3401, Time: 00:03:01

Health: -4/45      AC:  3    Str: 16    XL:     5   Next: 72%
Magic:  4/4        EV: 13    Int:  7    God:
Gold:   149        SH:  0    Dex: 13    Spells: 4/4 levels left

rFire    + . .     SeeInvis .     - Unarmed
rCold    + . .     Faith    .   (no shield)
rNeg     . . .     Spirit   .   a - +0 robe
rPois    .         Reflect  .   (helmet restricted)
rElec    .         Harm     .   (no cloak)
rCorr    .         Rampage  .   h - +0 pair of gloves
Will     .....                  (no boots)
Stlth    ++........             (no amulet)
HPRegen  0.15/turn              b - ring of protection from cold
MPRegen  0.09/turn              d - ring of protection from fire

@: no status effects
A: horns 2, retaliatory headbutt
a: no special abilities


You were on level 5 of the Dungeon.
You visited 1 branch of the dungeon, and saw 5 of its levels.

You collected 149 gold pieces.

Inventory:

Missiles
 e - 14 poisoned darts (quivered)
Armour
 a - a +0 robe (worn)
 h - a +0 pair of gloves (worn)
Jewellery
 b - a ring of protection from cold (left hand)
 d - a ring of protection from fire (right hand)
Wands
 g - a wand of flame (23)
Scrolls
 c - 2 scrolls of enchant weapon
 i - a scroll of magic mapping {unknown}
Potions
 f - 2 potions of heal wounds {unknown}


   Skills:
 - Level 3.6 Fighting
 - Level 3.2 Dodging
 - Level 1.5 Stealth
 + Level 7.2 Unarmed Combat


You had 4 spell levels left.
You didn't know any spells.
Your spell library contained the following spells:

 Spells                   Type           Power      Damage    Failure   Level
 Sandblast                Erth           0%         2d4       43%         1
 Summon Small Mammal      Summ           0%         N/A       43%         1
 Passwall                 Tmut/Erth      0%         N/A       56%         2
 Call Canine Familiar     Summ           0%         N/A       80%         3
 Gell's Gravitas          Tloc           0%         N/A       80%         3
 Summon Guardian Golem    Hex/Summ       0%         N/A       80%         3
 Teleport Other           Tloc           0%         N/A       80%         3
 Lee's Rapid Deconstruct  Erth           0%         3d5*      100%        5
 Dispersal                Tloc           0%         N/A       100%        6


Dungeon Overview and Level Annotations

Branches:
Dungeon (5/15)
 Temple: D:4-7

Altars:
Gozag
Okawaru
Vehumet

Shops:
D:1 (**?(


Innate Abilities, Weirdness & Mutations

You have a pair of horns on your head.
You reflexively headbutt those who attack you in melee.


Message History

The iguana is almost dead.
The iguana bites you but does no damage.
You hit the iguana but do no damage.
The iguana is almost dead.
You barely miss the iguana.
You headbutt the iguana, but do no damage.
The iguana is almost dead.
The iguana barely misses you.
You hit the iguana but do no damage.
The iguana is almost dead.
The iguana barely misses you.
You hit the iguana.
You kill the iguana!
Your Unarmed Combat skill increases to level 7!
You see here an iguana corpse.
You start resting.
A centaur comes into view.
The centaur shouts!
The centaur wields a +0 shortbow.
The centaur shoots an arrow.
The arrow hits you.
The centaur shoots an arrow.
The arrow barely misses you.
The centaur shoots an arrow.
The arrow hits you!
* * * LOW HITPOINT WARNING * * *
The centaur shoots an arrow.
The arrow completely misses you.
The centaur shoots an arrow.
The arrow barely misses you.
The centaur unwields a +0 shortbow.
The centaur hits you.
* * * LOW HITPOINT WARNING * * *
The centaur kicks you.
* * * LOW HITPOINT WARNING * * *
You hit the centaur.
The centaur is moderately wounded.
The centaur hits you.
* * * LOW HITPOINT WARNING * * *
The centaur closely misses you.
You punch the centaur!
The centaur is severely wounded.
The centaur hits you but does no damage.
The centaur kicks you.
* * * LOW HITPOINT WARNING * * *
The centaur hits you.
You die...

. . ###...# #....#...
)..##.)...###.......#
...........#........#
###....†......#.....#
#......##...........
.....................
.#.....#..........###
......####.........#
...#.# #.@##.......
...## ##c# ..##.## ..
#.. ...... .... ..
..... .##.... . .....
.. ......


You could see a centaur.

Vanquished Creatures
  A jelly (D:5)
  Jessica (D:2)
  An iguana (D:5)
  An orc wizard (D:3)
  Robin (D:2)
  An adder (D:2)
  A gnoll (D:1)
  A shadow imp (D:5)
  3 dart slugs (D:1)
  3 orcs (D:3)
  2 endoplasms (D:3)
  3 giant cockroaches
  13 goblins
  7 hobgoblins
  7 jackals
  8 kobolds
  A quokka (D:5)
  10 ball pythons
  6 bats
  3 frilled lizards
  A quokka skeleton (D:4)
  3 rats
78 creatures vanquished.

Notes
Turn   | Place    | Note
-------+----------+-------------------------------------------
     0 | D:1      | pkoi the Minotaur Monk began the quest for the Orb.
     0 | D:1      | Reached XP level 1. HP: 19/19 MP: 0/0
    29 | D:1      | Found Vekiody's Antique Weapon Shoppe.
   308 | D:1      | Reached XP level 2. HP: 26/26 MP: 1/1
   311 | D:1      | Reached skill level 4 in Unarmed Combat
   396 | D:1      | Found Mystreryd's Magic Scroll Shoppe.
   443 | D:1      | Found Ruotawku's Weapon Shop.
   553 | D:1      | Found Guen's Assorted Antiques.
   617 | D:1      | Found Koweal's Assorted Antiques.
   828 | D:1      | Reached XP level 3. HP: 23/31 MP: 2/2
  1046 | D:2      | Noticed Jessica
  1049 | D:2      | Killed Jessica
  1050 | D:2      | Reached skill level 5 in Unarmed Combat
  1153 | D:2      | Reached XP level 4. HP: 39/39 MP: 3/3
  1344 | D:2      | Found a faded altar of an unknown god.
  1524 | D:2      | Noticed Robin
  1551 | D:2      | Killed Robin
  1552 | D:2      | Reached skill level 6 in Unarmed Combat
  1667 | D:2      | Found a radiant altar of Vehumet.
  2091 | D:3      | Reached XP level 5. HP: 28/45 MP: 4/4
  2252 | D:3      | Found an opulent altar of Gozag.
  2252 | D:3      | Found an iron altar of Okawaru.
  2888 | D:4      | Noticed an ogre
  3272 | D:5      | Entered Level 5 of the Dungeon
  3277 | D:5      | Identified the +1 dagger "Eduharir" {freeze, +Blink rC-
                  | rCorr Stlth+}
  3359 | D:5      | Reached skill level 7 in Unarmed Combat
  3392 | D:5      | Noticed a centaur
  3401 | D:5      | HP: 2/45 [centaur (1)]
  3401 | D:5      | Slain by a centaur

Illustrated notes

Levels and vault maps discovered:
D:1:      giann_bridges, layout_basic, serial_shops, nicolae_shop_behind_doors,
          shop, nicolae_shop_statue_plus, shop, nicolae_shop_statue_plus
D:2:      layout_loops_corners, basic_altar,
          shapermc_ecumenical_altar_mp_vishouse, uniq_jessica, uniq_robin
D:3:      layout_loops_ring, chequers_temple_overflow_statue_of_worship
D:4:      layout_basic
D:5:      layout_cave_pools, minmay_a_box_with_orc_wizards_in_it

Skill      XL: |  1  2  3  4  5 |
---------------+----------------+-----
Unarmed Combat | 4 5 6 7 |  7.2
Fighting       | |  3.6
Dodging        | |  3.2
Stealth        | |  1.5

Action                   |  1- 3 |  4- 6 || total
-------------------------+-------+-------++-------
Melee: Unarmed           |    50 |   113 ||   163
       Headbutt          |     7 |    23 ||    30
       Punch             |       |     4 ||     4
  Use: Scroll            |     2 |       ||     2
 Stab: Sleeping          |     4 |     1 ||     5
Armor: Robe              |    12 |    23 ||    35
Dodge: Dodged            |    32 |    66 ||    98
